 Dungeon Crawl Stone Soup version 0.32-a0-953-g508020473e (webtiles) character file.

Game seed: 17228160069866648883

123 Autsider the Sneak (level 5, -2/27 HPs)
             Began as a Vine Stalker Warper on Apr 16, 2024.
             Slain by an iguana (6 damage)
             ... on level 4 of the Dungeon.
             The game lasted 00:07:19 (2322 turns).

Autsider the Sneak (Vine Stalker Warper)            Turns: 2322, Time: 00:07:19

Health: -2/27      AC:  3    Str: 14    XL:     5   Next: 7%
Magic:  0/9        EV: 10    Int: 13    God:
Gold:   244        SH:  0    Dex: 15    Spells: 8/8 levels left

rFire   . . .        a - +0 short sword
rCold   . . .        (no shield)
rNeg    . . .        b - +0 leather armour
rPois   .            (helmet currently unavailable)
rElec   .            (cloak currently unavailable)
rCorr   .            (gloves currently unavailable)
SInv    .            (boots currently unavailable)
Will    .....        (no amulet)
Stlth   ++           (no ring)
HPRegen 1.04/turn    (no ring)
MPRegen 0.11/turn

%: guardian spirit
@: beast-form
A: beast (slay +0), fangs 2, regeneration 1, magic shield, antimagic bite, no
potion heal 2
a: Begin Untransformation


You were on level 4 of the Dungeon.
You were a hulking beast.
You visited 1 branch of the dungeon, and saw 4 of its levels.

You collected 244 gold pieces.

Inventory:

Hand Weapons
 a - a +0 short sword (weapon)
Missiles
 d - 2 darts of dispersal (quivered)
 m - 12 poisoned darts
Armour
 b - a +0 leather armour (worn)
Talismans
 h - a granite talisman
 o - a beast talisman (active)
Scrolls
 c - 2 scrolls of blinking
 e - a scroll of amnesia
 f - a scroll of fear {unknown}
 j - a scroll of teleportation {unknown}
 l - a scroll of immolation
 p - a scroll of vulnerability {unknown}
 q - a scroll of revelation {unknown}
Potions
 g - 2 potions of might {unknown}
 i - 2 potions of haste {unknown}
 k - 3 potions of degeneration {unknown}
 n - 2 potions of mutation {unknown}
 r - a potion of lignification {unknown}


   Skills:
 + Level 2.7 Fighting
 + Level 2.6 Short Blades
 - Level 0.8 Throwing
 - Level 0.7 Armour
 - Level 1.5 Dodging
 - Level 4.0 Stealth
 - Level 2.1 Spellcasting
 - Level 3.0 Translocations
 + Level 0.6 Shapeshifting


You had 8 spell levels left.
You didn't know any spells.
Your spell library contained the following spells:

 Spells                   Type           Power      Damage    Failure   Level
 Blink                    Tloc           18%        N/A       14%         2
 Lesser Beckoning         Tloc           18%        N/A       14%         2
 Maxwell's Portable Pile  Tloc           9%         2d(6-16)  28%         3
 Teleport Other           Tloc           9%         N/A       28%         3
 Magic Dart               Conj           4%         1d3       32%         1
 Searing Ray              Conj           2%         2d4       43%         2
 Vhi's Electric Charge    Tloc/Air       10%        N/A       86%         4
 Fulminant Prism          Conj/Alch      0%         3d5       97%         4
 Haunt                    Necr/Summ      0%         N/A       100%        7
 Borgnjor's Revivificati  Necr           0%         N/A       100%        8
 Death's Door             Necr           0%         N/A       100%        9


Dungeon Overview and Level Annotations

Branches:
Dungeon (4/15)
 Temple: D:4-7

Altars:
Kikubaaqudgha

Annotations:
D:3 Pargi, Terence


Innate Abilities, Weirdness & Mutations

You are a hulking beast.
Your limbs bulge with bestial killing power. (Slay +0)
You have extremely sharp teeth.
Your natural rate of healing is unusually fast.
When hurt, damage is shared between your health and your magic reserves.
Your bite disrupts and absorbs the magic of your enemies.
Potions cannot restore your health.


Message History

The iguana is heavily wounded.
The iguana bites you!
You are too injured to fight recklessly!
You are too injured to fight recklessly!
You are too injured to fight recklessly!
You are too injured to fight recklessly!
You are too injured to fight recklessly!
You are too injured to fight recklessly!
You are too injured to fight recklessly!
You are too injured to fight recklessly!
You are too injured to fight recklessly!
You are too injured to fight recklessly!
You are too injured to fight recklessly!
You are too injured to fight recklessly!
You hit the iguana. You bite the iguana, but do no damage.
The iguana is heavily wounded.
The iguana bites you.
You hit the iguana but do no damage. You bite the iguana, but do no damage.
The iguana is heavily wounded.
The iguana hisses menacingly.
The iguana bites you!
* * * LOW HITPOINT WARNING * * *
You completely miss the iguana. You bite the iguana. You drain its power.
You feel invigorated.
The iguana is severely wounded.
The iguana bites you!
* * * LOW HITPOINT WARNING * * *
Hit: a) +0 short sword
Press: ? - help, Dir - move target, f - iguana
Aim: an iguana (severely wounded, about 34% to evade your +0 short sword)
You closely miss the iguana. You bite the iguana, but do no damage.
The iguana is severely wounded.
The iguana closely misses you.
Hit: a) +0 short sword
Press: ? - help, Dir - move target, f/p - iguana
Aim: an iguana (severely wounded, about 34% to evade your +0 short sword)
You hit the iguana but do no damage.
The iguana is severely wounded.
The iguana bites you!
You die...

#.................
#......#..........
#......#..<♣.♣.♣.♣
#......#..........
#......#...♣.♣.♣.♣
#
#......#..........
#.
#......#######....
#.. #......# ....
#...###h###### ...
.#.....#l###### ..
........J.......
.......#.#######
.......#...
........####
.J...... ........
........


You could see an iguana and an endoplasm.

Vanquished Creatures
  A hound (D:4)
  2 adders
  A dart slug (D:2)
  2 ribbon worms
  An orc (D:3)
  5 bats
  7 endoplasms
  3 giant cockroaches
  8 hobgoblins
  8 kobolds
  2 quokkas
  5 ball pythons
  A frilled lizard (D:1)
  11 goblins
  8 rats
65 creatures vanquished.

Notes
Turn   | Place    | Note
-------+----------+-------------------------------------------
     0 | D:1      | Autsider the Vine Stalker Warper began the quest for the
                  | Orb.
     0 | D:1      | Reached XP level 1. HP: 11/11 MP: 4/4
   189 | D:1      | Reached skill level 1 in Stealth
   213 | D:1      | Reached XP level 2. HP: 15/15 MP: 6/6
   304 | D:1      | Reached skill level 2 in Stealth
   995 | D:2      | Reached XP level 3. HP: 18/18 MP: 7/7
  1035 | D:2      | Reached skill level 3 in Stealth
  1372 | D:2      | Reached XP level 4. HP: 21/23 MP: 8/8
  1852 | D:3      | Found an ancient bone altar of Kikubaaqudgha.
  2136 | D:3      | Noticed Terence
  2143 | D:3      | Noticed Pargi
  2265 | D:4      | Reached skill level 4 in Stealth
  2265 | D:4      | Reached XP level 5. HP: 23/27 MP: 7/9
  2322 | D:4      | Slain by an iguana

Illustrated notes

Levels and vault maps discovered:
D:1:      minmay_arrival_jagged, layout_loops_corners
D:2:      cheibrodos_greedy_goblins, layout_rooms,
          hangedman_abyss_or_decor_stabs, grunt_decor_fettered,
          serial_bayou_ford_a, minmay_gold_behind_fungi, roderic_serpentine_path
D:3:      layout_basic, mainiacjoe_overflow_surrounded_room,
          nicolae_overflow_hidden_temple, mainiacjoe_overflow_alcove_4,
          uniq_terence, uniq_pargi
D:4:      layout_basic, serial_forest, infiniplex_forest_lined_room_2,
          infiniplex_forest_lined_3, infiniplex_forest_clump_medium,
          infiniplex_forest_clump_double, infiniplex_forest_end_double,
          infiniplex_forest_corner_1, infiniplex_forest_lined_3, serial_shops,
          shop

Skill      XL: |  1  2  3  4 |
---------------+-------------+-----
Fighting       | 2 |  2.7
Short Blades   | 2 |  2.6
Stealth        | 1 2 3 4 |  4.0
Throwing       | |  0.8
Armour         | |  0.7
Dodging        | |  1.5
Spellcasting   | |  2.1
Translocations | |  3.0
Shapeshifting  | |  0.6

Action                     |  1- 3 |  4- 6 || total
---------------------------+-------+-------++-------
  Melee: Short sword       |   143 |   115 ||   258
         Bite              |    39 |    29 ||    68
  Throw: Dart              |       |     5 ||     5
    Use: Scroll            |       |     2 ||     2
   Stab: Sleeping          |     2 |     4 ||     6
 Armour: Leather armour    |    91 |    65 ||   156
  Dodge: Dodged            |    60 |    70 ||   130
   Form: Beast             |       |     1 ||     1

Table legend: (Time is in decaauts)
 A = Elapsed time spent in this place.
 B = Non-inter-level travel time spent in this place.
 C = Inter-level travel time spent in this place.
 D = Time resting spent in this place.
 E = Time spent auto-exploring this place.
 F = Levels seen in this place.
 G = Mean time per level.
                   A        B        C        D        E       F      G
               +--------+--------+--------+--------+--------+-----+--------+
         Total |   2304 |   2220 |     84 |     32 |   1596 |   4 |  576.0 |
       Dungeon |   2304 |   2220 |     84 |     32 |   1596 |   4 |  576.0 |
               +--------+--------+--------+--------+--------+-----+--------+

Top non-repeatable levels by time:
     D:1: 1003 daAuts
     D:2: 811 daAuts
     D:3: 419 daAuts
     D:4: 69 daAuts
